 Dungeon Sprint DCSS version 0.21.1-1-g345015f (webtiles) character file.

520 Fang the Cleaver (level 7, -2/74 HPs)
             Began as a Minotaur Berserker on May 24, 2018.
             Was an Elder of Trog.
             Slain by a hornet (18 damage)
             ... in the Dungeon (Sprint IX: "|||||||||||||||||||||||||||||").
             The game lasted 00:00:49 (292 turns).

Fang the Cleaver (Minotaur Berserker)                Turns: 292, Time: 00:00:50

Health: -2/74      AC:  2    Str: 24    XL:     7   Next: 1%
Magic:  6/6        EV: 16    Int:  7    God:    Trog [****..]
Gold:   0          SH:  0    Dex:  9    Spells: 6/6 levels left

rFire    . . .     SeeInvis .   m - +1 broad axe (chop)
rCold    . . .     Gourm    .   (no shield)
rNeg     . . .     Faith    .   b - +0 animal skin
rPois    .         Spirit   .   (helmet restricted)
rElec    .         Reflect  .   (no cloak)
rCorr    .         Harm     .   (no gloves)
MR       .....     NoTele   +   (no boots)
Stlth    +.........             (no amulet)
HPRegen  0.22/turn              o - +2 ring of evasion
MPRegen  0.10/turn              p - +3 ring of intelligence

@: lethally poisoned (-2 -> -10), berserk cooldown, slowed, very slow
A: retaliatory headbutt, horns 2
a: Berserk, Trog's Hand, Brothers in Arms, Burn Spellbooks, Renounce Religion


You were in the Dungeon.
You worshipped Trog.
Trog was greatly pleased with you.
You were not hungry.

You visited 1 branch

Inventory:

Hand Weapons
 a - a +0 hand axe
 m - a +1 broad axe of chopping (weapon)
Armour
 b - a +0 animal skin (worn)
 n - a +2 ring mail
Jewellery
 o - a +2 ring of evasion (left hand)
 p - a +3 ring of intelligence (right hand)
Wands
 l - a wand of iceblast (10)
Scrolls
 i - 2 scrolls of blinking
 k - 3 scrolls of remove curse
Potions
 d - 5 potions of curing
 e - a potion of heal wounds
 f - a potion of haste
 g - 4 potions of magic
 h - a potion of berserk rage
 j - a potion of invisibility
Comestibles
 c - a ration


   Skills:
 + Level 11.3 Fighting
 + Level 11.7 Axes
 + Level 6.0 Armour
 + Level 6.3 Dodging


You had 6 spell levels left.
You didn't know any spells.

Dungeon Overview and Level Annotations

Branches:
Dungeon (1/1)

Altars:
Cheibriados
Dithmenos
Elyvilon
Fedhas
Gozag
Hepliaklqana
Kikubaaqudgha
Makhleb
Nemelex Xobeh
Okawaru
Qazlal
Ru
Sif Muna
Trog
Uskayaw
Vehumet
Wu Jian
Xom
Yredelemnul
Zin
The Shining One
Beogh
Jiyva
Lugonu


Innate Abilities, Weirdness & Mutations

You reflexively headbutt those who attack you in melee.
You have a pair of horns on your head.


Message History

You feel as though you will be slow longer.
The hornet closely misses you.
Unknown command.
You slash the hornet!
The hornet is heavily wounded.
You feel sick. The hornet closely misses you. You furiously retaliate!
You headbutt the hornet, but do no damage.
The hornet stings you!
* * * LOW HITPOINT WARNING * * *
You are lethally poisoned!
You feel as though you will be slow longer.
You feel much better.
You feel sick. The hornet barely misses you. The hornet closely misses you.
You feel much better.
You feel sick. The hornet stings you.
You feel as though you will be slow longer.
The hornet stings you!
* * * LOW HITPOINT WARNING * * *
You feel as though you will be slow longer.
The hornet stings you!!
You die...

▓+▓
▓.▓
▓.▓
▓.▓
▓.▓
▓l▓
▓y▓
▓@▓
▓.▓
▓.▓
▓.▓
▓[▓
▓[▓
▓)▓
▓|▓
▓?▓


You could see a hornet and an iguana.

Vanquished Creatures
  A gargoyle (D)
  An ogre (D)
  A scorpion (D)
  A jelly (D)
  A hound (D)
  An adder (D)
  An orc (D)
  A goblin (D)
  A hobgoblin (D)
  A jackal zombie (D)
  A leopard gecko skeleton (D)
  3 rats (D)
14 creatures vanquished.

Notes
Turn   | Place    | Note
-------+----------+-------------------------------------------
     0 | D        | Fang the Minotaur Berserker began the quest for the Orb.
     0 | D        | Reached XP level 1. HP: 19/19 MP: 0/0
     9 | D        | Reached ** piety under Trog
    20 | D        | Noticed an ogre
    20 | D        | Noticed a jelly
    23 | D        | Killed a jelly
    23 | D        | Reached skill level 5 in Fighting
    23 | D        | Reached XP level 2. HP: 23/30 MP: 1/1
    23 | D        | Reached XP level 3. HP: 29/37 MP: 2/2
    26 | D        | Reached *** piety under Trog
    29 | D        | Killed an ogre
    29 | D        | Reached XP level 4. HP: 23/48 MP: 3/3
   225 | D        | Found a roughly hewn altar of Beogh.
   225 | D        | Found a snail-covered altar of Cheibriados.
   225 | D        | Found a shadowy altar of Dithmenos.
   225 | D        | Found a white marble altar of Elyvilon.
   225 | D        | Found a blossoming altar of Fedhas.
   225 | D        | Found an opulent altar of Gozag.
   226 | D        | Found a hazy altar of Hepliaklqana.
   227 | D        | Found a viscous altar of Jiyva.
   228 | D        | Found an ancient bone altar of Kikubaaqudgha.
   229 | D        | Found a corrupted altar of Lugonu.
   230 | D        | Found a burning altar of Makhleb.
   231 | D        | Found a sparkling altar of Nemelex Xobeh.
   232 | D        | Found an iron altar of Okawaru.
   233 | D        | Found a stormy altar of Qazlal.
   234 | D        | Found a sacrificial altar of Ru.
   235 | D        | Found a deep blue altar of Sif Muna.
   236 | D        | Found a bloodstained altar of Trog.
   237 | D        | Found a hide-covered altar of Uskayaw.
   238 | D        | Found a radiant altar of Vehumet.
   239 | D        | Found an ornate altar of the Wu Jian Council.
   240 | D        | Found a shimmering altar of Xom.
   241 | D        | Found a basalt altar of Yredelemnul.
   242 | D        | Found a glowing silver altar of Zin.
   243 | D        | Found a glowing golden altar of the Shining One.
   274 | D        | Noticed a hornet
   274 | D        | Noticed a gargoyle
   278 | D        | Killed a gargoyle
   278 | D        | Reached **** piety under Trog
   278 | D        | Reached skill level 5 in Armour
   278 | D        | Reached XP level 5. HP: 60/60 MP: 4/4
   278 | D        | Reached XP level 6. HP: 68/68 MP: 5/5
   284 | D        | Reached XP level 7. HP: 74/74 MP: 6/6
   286 | D        | Paralysed by a hornet for 1 turns
   292 | D        | Slain by a hornet

Skill      XL: |  1  2  3  4  5  6 |
---------------+-------------------+-----
Fighting       | 5 7 11 | 11.3
Axes           | 6 8 11 | 11.7
Armour         | 3 4 5 6 |  6.0
Dodging        | 3 4 6 |  6.3

Action                   |  1- 3 |  4- 6 |  7- 9 || total
-------------------------+-------+-------+-------++-------
Melee: Hand axe          |    12 |     3 |       ||    15
       Headbutt          |     3 |       |     2 ||     5
       Broad axe         |       |     8 |     5 ||    13
Invok: Berserk           |     1 |     1 |       ||     2
  Use: Potion            |       |       |     2 ||     2
Armor: Animal skin       |     1 |     1 |       ||     2
Dodge: Dodged            |     4 |     4 |     6 ||    14
